 Dungeon Crawl Stone Soup version 0.28-a0-1493-g08698888e4 (webtiles) character file.

Game seed: 10193024255828392866

2209 pokeman the Thaumaturge (level 9, -2/49 HPs)
             Began as a Deep Elf Hedge Wizard on Jan 12, 2022.
             Was an Initiate of Vehumet.
             Slain by a vampire mosquito (5 damage)
             ... on level 8 of the Dungeon.
             The game lasted 00:15:43 (8556 turns).

pokeman the Thaumaturge (Deep Elf Hedge Wizard)     Turns: 8556, Time: 00:15:44

Health: -2/49      AC:  5    Str:  7    XL:     9   Next: 13%
Magic:  13/25      EV: 12    Int: 24    God:    Vehumet [......]
Gold:   407        SH:  0    Dex: 14    Spells: 18/29 levels left

rFire   . . .      SeeInvis .   A - +1 spear (venom)
rCold   . . .      Faith    .   (no shield)
rNeg    . . .      Spirit   .   l - +0 leather armour
rPois   .          Reflect  .   I - +0 helmet
rElec   .          Harm     .   (no cloak)
rCorr   .          Rampage  .   (no gloves)
Will    .....                   q - +0 pair of boots
Stlth   ++........              (no amulet)
HPRegen 0.16/turn               (no ring)
MPRegen 0.19/turn               (no ring)

@: very slightly contaminated
A: no striking features
a: Renounce Religion


You were on level 8 of the Dungeon.
You worshipped Vehumet.
Vehumet was noncommittal.
You visited 2 branches of the dungeon, and saw 9 of its levels.

You collected 407 gold pieces.

Inventory:

Hand Weapons
 A - a +1 spear of venom (weapon)
 C - a +0 shortbow
Missiles
 d - 46 arrows
 g - 83 bolts
Armour
 l - a +0 leather armour (worn)
 p - an orb of wrath
 q - a +0 pair of boots (worn)
 B - a +0 kite shield
 I - a +0 helmet (worn)
Wands
 c - a wand of iceblast (14)
 i - a wand of polymorph (9)
 o - a wand of flame (3)
Scrolls
 a - 8 scrolls of identify {unknown}
 b - a scroll of brand weapon {unknown}
 e - 2 scrolls of vulnerability {unknown}
 h - 3 scrolls of immolation {unknown}
 k - 3 scrolls of magic mapping {unknown}
 r - a scroll of torment {unknown}
 s - 2 scrolls of enchant armour {unknown}
 u - 4 scrolls of teleportation {unknown}
 v - a scroll of noise {unknown}
 w - 2 scrolls of blinking {unknown}
 x - 5 scrolls of fear {unknown}
 y - a scroll of amnesia {unknown}
 D - a scroll of acquirement {unknown}
 F - a scroll of summoning {unknown}
 G - a scroll of enchant weapon {unknown}
Potions
 f - 2 potions of attraction {unknown}
 j - 5 potions of curing {unknown}
 m - a potion of haste {unknown}
 n - 2 potions of flight {unknown}
 t - 2 potions of lignification {unknown}
 z - a potion of heal wounds {unknown}
 E - a potion of brilliance {unknown}
 H - a potion of cancellation {unknown}


   Skills:
 - Level 2.4 Fighting
 - Level 2.3 Armour
 - Level 3.1 Dodging
 - Level 3.0 Stealth
 + Level 2.0 Shields
 * Level 10.9 Spellcasting
 + Level 5.9 Conjurations
 - Level 1.1 Summonings
 - Level 1.1 Translocations
 + Level 4.5 Fire Magic
 - Level 1.0 Air Magic
 - Level 1.0 Poison Magic
 - Level 1.0 Evocations


You had 18 spell levels left.
You knew the following spells:

 Your Spells              Type           Power      Damage    Failure   Level
a - Magic Dart            Conj           100%       1d8       1%          1
b - Mephitic Cloud        Conj/Pois/Air  26%        N/A       7%          3
c - Call Imp              Summ           18%        N/A       7%          2
d - Blink                 Tloc           36%        N/A       7%          2
e - Conjure Flame         Conj/Fire      38%        6-21      2%          3

Your spell library contained the following spells:

 Spells                   Type           Power      Damage    Failure   Level
 Searing Ray              Conj           82%        2d7       1%          2
 Apportation              Tloc           36%        N/A       4%          1
 Summon Small Mammal      Summ           72%        N/A       4%          1
 Animate Skeleton         Necr           26%        N/A       7%          1
 Slow                     Hex            52%        N/A       7%          1
 Fulminant Prism          Conj/Hex       13%        3d9       21%         4


Dungeon Overview and Level Annotations

Branches:
Dungeon (8/15)             Temple (1/1) D:7
   Lair: D:8-11

Altars:
Ashenzari
Cheibriados
Dithmenos
Elyvilon
Fedhas
Gozag
Hepliaklqana
Kikubaaqudgha
Makhleb
Nemelex Xobeh
Okawaru
Qazlal
Ru
Sif Muna
Trog
Uskayaw
Vehumet
Wu Jian
Xom
Yredelemnul
Zin
The Shining One

Shops:
D:1 *   D:3 (


Message History

Confirm with . or Enter, or press ? or * to list all spells.
Aiming: Magic Dart (safe; 1% risk of failure)
Press: ? - help, Shift-Dir - straight line, f/p - vampire mosquito
Aim: a vampire mosquito (lightly damaged, ally target, 100% to hit)
The magic dart hits the vampire mosquito.
The vampire mosquito is moderately damaged.
The vampire mosquito bites you.
* * * LOW HITPOINT WARNING * * *
The vampire mosquito draws strength from your injuries!
The vampire mosquito bites you.
* * * LOW HITPOINT WARNING * * *
The vampire mosquito draws strength from your injuries!
Your white imp gestures at the vampire mosquito.
The puff of frost hits the vampire mosquito.
Casting: Magic Dart (safe; 1% risk of failure)
Confirm with . or Enter, or press ? or * to list all spells.
You miscast Blink.
You are very lightly contaminated with residual magic.
Nothing appears to happen.
The vampire mosquito bites you.
* * * LOW HITPOINT WARNING * * *
The vampire mosquito draws strength from your injuries!
Your white imp gestures at the vampire mosquito.
The puff of frost hits the vampire mosquito.
The vampire mosquito bites your white imp but does no damage.
Casting: Blink (safe; 7% risk of failure)
Confirm with . or Enter, or press ? or * to list all spells.
You blink.
Unknown command.
Aiming: Iceblast
Press: ? - help, Shift-Dir - straight line, p - vampire mosquito The mass of ice explodes!
The iceblast engulfs the vampire mosquito!
The vampire mosquito is severely damaged.
You hear a shout!
Unknown command.
Unknown command.
The vampire mosquito barely misses you.
You feel stable enough to blink again. The vampire mosquito bites you.
You die...

#.# #.# #.# ####.# ######### #
## ####....# #.......# # ..
.......# #.......###### #)
#....###.............
.###..#####...........#.#######
.....))...5..#@.#####...# #
.###...#####.y.## ##..# # #.#.
#..## ##.# # # ## ....# #.# #
####.. ..# ### #.#. #.. ....
#.##. # #### $.. #. ##.


You could see a vampire mosquito.

Vanquished Creatures
  The ghost of wanderlust the Spear-Bearer, a novice MfWn (D:5)
  Sigmund (D:2)
  A water moccasin (D:7)
  2 orc warriors
  A black bear (D:5)
  A necrophage (D:6)
  A centaur (D:6)
  2 ogres
  A kobold brigand (D:7)
  A wyvern zombie (D:7)
  A scorpion (D:4)
  A gnoll shaman (D:5)
  4 hounds
  2 jellies
  3 orc priests
  An iguana (D:5)
  2 orc wizards
  A hound zombie (D:5)
  2 hound skeletons (D:4)
  7 gnolls
  2 howler monkey skeletons (D:7)
  5 adders
  A white imp (D:6)
  4 ufetubi
  An adder skeleton (D:4)
  3 worms
  3 dart slugs
  13 orcs
  11 ball pythons
  7 endoplasms
  11 goblins
  7 hobgoblins
  A jackal (D:4)
  3 quokkas (D:4)
  4 bats
  3 frilled lizards
  10 kobolds
  7 rats
132 creatures vanquished.

Vanquished Creatures (collateral kills)
  The ghost of Grognak the Chopper, an amateur MiBe of Trog (D:3)
  An adder (D:3)
2 creatures vanquished.

Grand Total: 134 creatures vanquished

Notes
Turn   | Place    | Note
-------+----------+-------------------------------------------
     0 | D:1      | pokeman the Deep Elf Hedge Wizard began the quest for the
                  | Orb.
     0 | D:1      | Reached XP level 1. HP: 10/10 MP: 7/7
   355 | D:1      | Reached XP level 2. HP: 9/16 MP: 1/9
   846 | D:1      | Found a faded altar of an unknown god.
  1040 | D:1      | Found Osahikom's Assorted Antiques.
  1150 | D:2      | Reached skill level 5 in Spellcasting
  1319 | D:2      | Reached XP level 3. HP: 20/20 MP: 9/11
  1323 | D:2      | Learned a level 3 spell: Mephitic Cloud
  1326 | D:2      | Learned a level 2 spell: Call Imp
  1329 | D:2      | Learned a level 2 spell: Blink
  1333 | D:2      | Learned a level 3 spell: Conjure Flame
  1472 | D:2      | Noticed Sigmund
  1491 | D:2      | Killed Sigmund
  1492 | D:2      | Reached skill level 1 in Fighting
  1492 | D:2      | Reached skill level 1 in Armour
  1492 | D:2      | Reached skill level 6 in Spellcasting
  1492 | D:2      | Reached XP level 4. HP: 19/26 MP: 7/14
  1492 | D:2      | Reached XP level 5. HP: 22/30 MP: 7/15
  2074 | D:3      | Found an ornate altar of the Wu Jian Council.
  2404 | D:3      | Found a white marble altar of Elyvilon.
  2520 | D:3      | Found a runed translucent door.
  2604 | D:3      | Noticed Grognak's ghost (amateur MiBe)
  2852 | D:3      | Found Sitian's Weapon Shoppe.
  3486 | D:3      | Killed Grognak's ghost
  3487 | D:3      | Reached skill level 7 in Spellcasting
  3487 | D:3      | Reached skill level 1 in Fire Magic
  3487 | D:3      | Reached XP level 6. HP: 23/35 MP: 6/18
  4087 | D:4      | Reached XP level 7. HP: 39/39 MP: 15/20
  4095 | D:4      | Reached skill level 1 in Air Magic
  4399 | D:4      | Found a sparkling altar of Nemelex Xobeh.
  4735 | D:5      | Entered Level 5 of the Dungeon
  4872 | D:5      | Found a glowing golden altar of the Shining One.
  4883 | D:5      | Reached skill level 8 in Spellcasting
  4883 | D:5      | Reached skill level 1 in Poison Magic
  4883 | D:5      | Reached skill level 1 in Evocations
  5228 | D:5      | Found a runed translucent door.
  5242 | D:5      | Noticed wanderlust's ghost (novice MfWn)
  5269 | D:5      | Killed wanderlust's ghost
  5270 | D:5      | Reached XP level 8. HP: 11/45 MP: 7/22
  5306 | D:5      | Reached skill level 9 in Spellcasting
  6348 | D:6      | Reached skill level 5 in Conjurations
  6756 | D:6      | Found an opulent altar of Gozag.
  6768 | D:6      | Reached skill level 10 in Spellcasting
  7219 | D:7      | Reached skill level 1 in Shields
  7679 | D:7      | Reached XP level 9. HP: 46/49 MP: 17/25
  7806 | D:7      | Found a shadowy altar of Dithmenos.
  7988 | D:7      | Found a staircase to the Ecumenical Temple.
  7997 | Temple   | Entered the Ecumenical Temple
  8107 | Temple   | Became a worshipper of Vehumet
  8503 | D:8      | Noticed a troll
  8556 | D:8      | Slain by a vampire mosquito

Illustrated notes

Levels and vault maps discovered:
D:1:      dpeg_arrival_water_temple_mockup, layout_rooms, serial_shops,
          nicolae_shop_crystal, ebering_ecumenical_altar_mist
D:2:      layout_rooms, uniq_sigmund
D:3:      layout_loops_ring, marbit_many_paths,
          nicolae_wu_jian_immortal_techniques, ebering_ghost_sewer_d,
          serial_shops, shop
D:4:      layout_basic, lemuel_tele_altar, minmay_starry_boxes
D:5:      layout_basic, mainiacjoe_overflow_brackets,
          ebering_ghost_reflecting_pool, chequers_decorated_corner
D:6:      layout_basic, old_standard_altar
D:7:      layout_basic, nicolae_dithmenos_the_darkroom, minmay_temple_entry_tees
D:8:      minmay_bloctagon_deflated, layout_basic, uniq_prince_ribbit1
Temple:   eino_temple_rhombus

Skill      XL: |  1  2  3  4  5  6  7  8  9 |
---------------+----------------------------+-----
Spellcasting   | 5 6 7 8 10 | 10.9
Fighting       | 1 2 |  2.4
Armour         | 1 2 |  2.3
Conjurations   | 2 3 4 5 |  5.9
Dodging        | 3 |  3.1
Fire Magic     | 1 2 4 |  4.5
Stealth        | 3 |  3.0
Air Magic      | 1 |  1.0
Poison Magic   | 1 |  1.0
Evocations     | 1 |  1.0
Shields        | 1 2 |  2.0
Summonings     | |  1.1
Translocations | |  1.1

Action                   |  1- 3 |  4- 6 |  7- 9 || total
-------------------------+-------+-------+-------++-------
Melee: Spear             |    11 |    55 |    62 ||   128
       Punch             |       |     1 |     3 ||     4
 Cast: Magic Dart        |    69 |    76 |   194 ||   339
       Conjure Flame     |     1 |     8 |    12 ||    21
       Mephitic Cloud    |     1 |     2 |    11 ||    14
       Call Imp          |       |    10 |     5 ||    15
       Blink             |       |     3 |     2 ||     5
Evoke: Wand              |       |       |     1 ||     1
 Stab: Sleeping          |     1 |       |       ||     1
       Confused          |       |     1 |     8 ||     9
Armor: Robe              |     2 |       |       ||     2
       Leather armour    |       |     6 |    19 ||    25
Dodge: Dodged            |    12 |    12 |    47 ||    71

Table legend: (Time is in decaauts)
 A = Elapsed time spent in this place.
 B = Non-inter-level travel time spent in this place.
 C = Inter-level travel time spent in this place.
 D = Time resting spent in this place.
 E = Time spent auto-exploring this place.
 F = Levels seen in this place.
 G = Mean time per level.
                   A        B        C        D        E       F      G
               +--------+--------+--------+--------+--------+-----+--------+
         Total |   8572 |   8398 |    174 |    192 |   6923 |   9 |  952.4 |
       Dungeon |   8443 |   8284 |    159 |    192 |   6829 |   8 | 1055.4 |
        Temple |    129 |    114 |     15 |      0 |     94 |   1 |  129.0 |
               +--------+--------+--------+--------+--------+-----+--------+

Top non-repeatable levels by time:
     D:3: 1865 daAuts
     D:5: 1391 daAuts
     D:1: 1148 daAuts
     D:6: 1050 daAuts
     D:4: 1047 daAuts
     D:7: 1007 daAuts
     D:2: 686 daAuts
     D:8: 248 daAuts
  Temple: 129 daAuts
